 Dungeon Crawl Stone Soup version 0.30-a0-364-gf6b3ef1049 (webtiles) character file.

Game seed: 9415723112568032556

5580 mcwallace the Covert (level 10, -4/60 HPs)
             Began as a Vampire Enchanter on Nov 15, 2022.
             Was a Believer of Cheibriados.
             Slain by a six-headed hydra (16 damage)
             ... on level 8 of the Dungeon.
             The game lasted 00:29:05 (7207 turns).

mcwallace the Covert (Vampire Enchanter)            Turns: 7207, Time: 00:29:06

Health: -4/60      AC:  0    Str: 11 (13) XL:     10   Next: 44%
Magic:  15/19      EV: 29    Int: 22 (24) God:    Cheibriados [**....]
Gold:   1381       SH:  0    Dex: 28 (30) Spells: 14/21 levels left

rFire   . . .      SeeInvis +    (weapon currently unavailable)
rCold   + + .      Faith    .    (shield currently unavailable)
rNeg    + + +      Spirit   .    (body armour currently unavailable)
rPois   ∞          Reflect  .    (helmet currently unavailable)
rElec   .          Harm     .    (cloak currently unavailable)
rCorr   .          Rampage  .    (gloves currently unavailable)
Will    +....                    (boots currently unavailable)
Stlth   +++++++...               C - amulet of magic regeneration {@e2}
HPRegen 0.00/turn                (ring currently unavailable)
MPRegen 0.56/turn                (ring currently unavailable)

@: bat-form, flying, bloodless, inhibited regen, slow
A: fast, flying, no casting, tiny, bloodless, fangs 3, see invisible, vampiric 2
a: Revivify, End Transformation, Renounce Religion, Bend Time


You were on level 8 of the Dungeon.
You worshipped Cheibriados.
Cheibriados was pleased with you.
You were a vampire bat.
You visited 2 branches of the dungeon, and saw 9 of its levels.

You collected 1381 gold pieces.


Innate Abilities, Weirdness & Mutations

You are a vampire bat.
You are tiny and dextrous.
You move quickly.
You are flying.
You are immune to poison.
Your equipment is almost entirely melded.
You are incapable of wielding weapons or throwing items.
You cannot cast spells.
You do not regenerate when monsters are visible.
You are frail without blood (-20% HP).
You can heal yourself when you bite living creatures.
You are immune to poison.
You have razor-sharp teeth.
You have supernaturally acute eyesight. (SInv)
You are afflicted with vampirism and can become a bat while bloodless.


   Skills:
 + Level 5.8 Fighting
 + Level 7.1 Short Blades
 + Level 7.2 Dodging
 + Level 10.8 Stealth
 - Level 4.0 Shields
 + Level 6.3 Spellcasting
 - Level 7.4 Hexes


You had 14 spell levels left.
You knew the following spells:

 Your Spells              Type           Power      Damage    Failure   Level
a - Ensorcelled Hibernat  Hex/Ice        46%        N/A       3%          2
b - Tukima's Dance        Hex            39%        N/A       1%          3
c - Blink                 Tloc           12%        N/A       13%         2

Your spell library contained the following spells:

 Spells                   Type           Power      Damage    Failure   Level
 Confusing Touch          Hex            39%        N/A       1%          3
 Dazzling Flash           Conj/Hex       46%        N/A       6%          3
 Summon Guardian Golem    Hex/Summ       23%        N/A       6%          3
 Sandblast                Erth           12%        2d6       9%          1
 Summon Small Mammal      Summ           24%        N/A       9%          1
 Momentum Strike          Conj/Tloc      12%        3d8       13%         2
 Passwall                 Tmut/Erth      5%         N/A       13%         2
 Call Canine Familiar     Summ           6%         N/A       26%         3
 Ignite Poison            Fire/Tmut/Pois 6%         N/A       26%         3
 Lesser Beckoning         Tloc           12%        N/A       26%         3
 Stone Arrow              Conj/Erth      12%        3d7       26%         3
 Iskenderun's Mystic Bla  Conj/Tloc      6%         2d4       65%         4
 Sticky Flame             Conj/Fire      6%         2d3       65%         4
 Starburst                Conj/Fire      3%         6d3       100%        6
 Ignition                 Fire           3%         3d4       100%        8

Inventory:

Hand Weapons
 a - a +1 dagger {short}
 l - the +7 trident "Fygackyg" {drain, Str+4, polearm}
   (You found it on level 6 of the Dungeon)

   A truly terrible weapon, it drains the life of any living foe it strikes.
   Str:       It affects your strength (+4).
 A - a +0 flail of protection {mace}
   (You found it on level 3 of the Dungeon)
 J - a +0 vorpal hand axe {axe}
   (You took it off an orc on level 4 of the Dungeon)
 Q - the +9 dagger "Yppiyl" (melded) {vorpal, Str+4 Int+4, short}
   (You found it on level 4 of the Dungeon)

   It inflicts extra damage upon your enemies.
   Str:       It affects your strength (+4).
   Int:       It affects your intelligence (+4).
Missiles
 d - 87 stones (quivered) {throwing}
 s - 6 boomerangs {throwing}
 L - 3 boomerangs of dispersal {=f!fthrowing}
 U - 2 throwing nets {=f!fthrowing}
Armour
 b - a +0 robe (melded)
 h - a +2 cloak of preservation (melded)
   (You took it off Crazy Yiuf on level 7 of the Dungeon)
 q - a +2 pair of gloves (melded)
   (You found it on level 8 of the Dungeon)
 y - a +0 robe
   (You found it on level 3 of the Dungeon)
 z - a +0 leather armour
   (You found it on level 3 of the Dungeon)
 D - a +0 leather armour
   (You found it on level 3 of the Dungeon)
 G - a +0 buckler (melded)
   (You found it on level 7 of the Dungeon)
 H - a +2 helmet (melded)
   (You took it off Robin on level 3 of the Dungeon)
 I - a +0 ring mail
   (You found it on level 3 of the Dungeon)
 K - a +0 leather armour
   (You took it off an orc on level 4 of the Dungeon)
 M - a +0 scale mail
   (You took it off an orc on level 4 of the Dungeon)
 P - a +0 scale mail
   (You found it on level 4 of the Dungeon)
 R - a +0 robe
   (You took it off an orc wizard on level 5 of the Dungeon)
 S - a +0 leather armour
   (You found it on level 5 of the Dungeon)
Jewellery
 u - an amulet of guardian spirit
   (You found it on level 2 of the Dungeon)
 C - an amulet of magic regeneration (around neck) {@e2}
   (You found it on level 3 of the Dungeon)
 X - a ring of wizardry (melded)
   (You found it on level 5 of the Dungeon)
Wands
 T - a wand of roots (7)
   (You found it on level 5 of the Dungeon)
 W - a wand of flame (21)
   (You found it on level 6 of the Dungeon)
Scrolls
 e - a scroll of immolation {unknown}
 k - 7 scrolls of teleportation {@r4}
 m - a scroll of magic mapping {unknown}
 p - a scroll of enchant armour
 t - a scroll of amnesia
 v - a scroll of fear {unknown}
 w - 2 scrolls of vulnerability {!r!r}
 B - a scroll of brand weapon {unknown}
 F - a scroll of poison {unknown}
 V - a scroll of summoning
 Y - a scroll of enchant weapon {unknown}
Potions
 c - 3 potions of invisibility
 f - a potion of haste {unknown}
 g - 2 potions of mutation {!q}
 i - 2 potions of resistance
 j - a potion of brilliance {unknown}
 n - 2 potions of heal wounds {unknown}
 o - 5 potions of curing {@q1}
 r - 4 potions of attraction {!q}
 x - 3 potions of might
 E - 3 potions of cancellation
 N - 2 potions of lignification {unknown}
 O - a potion of magic {unknown}
 Z - a potion of degeneration {unknown}

Dungeon Overview and Level Annotations

Branches:
Dungeon (8/15) Zot: 39553  Temple (1/1) D:4 Zot: 8823
   Lair: D:8-11

Altars:
Ashenzari
Cheibriados
Dithmenos
Gozag
Hepliaklqana
Kikubaaqudgha
Makhleb
Nemelex Xobeh
Okawaru
Qazlal
Ru
Sif Muna
Trog
Uskayaw
Vehumet
Wu Jian
Xom
Yredelemnul

##...#...##....####
####...##.#.##..#....#
#.###..#.#.#.######.##
##..##.##.....##..#..##
###...#..#.......##.#.##.
##..#....##.#.#.#.##...###
#........#.#.#.#.#.##.##.#
#.......##.........##.##..
##.#....#b#########'##'##'
###....#D##.........##.##
#....##x##.##########.##
##....#.○B##..†...###.#.#
#....##...########.##.#.#
#....#.##W. #..)..##..#..
#...##. }}.##.######..#..
##..### )#####..###.#.#.#
#.## OW ###.##.#.#.#


You could see a boulder beetle, a six-headed hydra, an unseen horror (invisible)
and a shadow.


Message History

You hit the white imp.
You kill the white imp!
Cheibriados appreciates the change of pace.
Cheibriados raises the support of your attributes as your movement slows.
Your pack is full.
You see here a +0 scale mail.
At your current blood state you are immune to poison, significantly resist cold, are immune to negative energy, resist torment and do not heal with monsters in sight.
Your movement speed is very slow.
Your attack delay is about 0.7.
Your damage rating with the +9 dagger "Yppiyl" {vorpal, Str+4 Int+4, short} is about 15 (Base 4 x 137% (Dex) x 123% (Skill) + 9 (Ench)) + Vorpal.
Your base attributes are Str 7, Int 18, Dex 19.
Your pack is full.
You see here a +0 scale mail.
Your pack is full.
You see here a +0 scale mail.
Could not pick up a +0 scale mail here; ([A]lways) ignore it?
Autopickup disabled for scale mails.
You now have 1381 gold pieces (gained 13).
A gnoll sergeant comes into view. It is wielding a +0 spear.
The helpless gnoll sergeant fails to defend itself.
You bite the gnoll sergeant, and draw its blood!
You skewer the gnoll sergeant like a kebab!!!!
You kill the gnoll sergeant!
Cheibriados appreciates the change of pace.
Things that are here:
a +0 spear {polearm}; a +0 ring mail A bullfrog comes into view.
The helpless bullfrog fails to defend itself.
You bite the bullfrog, and draw its blood!
You perforate the bullfrog like a sieve!!!!
You kill the bullfrog!
Cheibriados thoroughly appreciates the change of pace.
You see here a bullfrog corpse.
You open the door.
There is an open door here.
You open the door.
A boulder beetle and a six-headed hydra come into view.
There is an open door here.
A boulder beetle, an unseen horror, a two-headed ogre, a shadow and a cyclops come into view.
The boulder beetle bites you! 😕 HP[-8]
You take 8 damage, and now have 51/59 hp.
You hit the boulder beetle but do no damage.
The boulder beetle bites you but does no damage.
The boulder beetle attacks as you move away!
The boulder beetle bites you!!
The six-headed hydra roars!
The boulder beetle bites you but does no damage.
You hear a shout! 😮 HP[-20]
You take 20 damage, and now have 31/59 hp.
MASSIVE DAMAGE!! (PAUSE)
The boulder beetle attacks as you move away!
The boulder beetle bites you!
* * * LOW HITPOINT WARNING * * *
There is an open door here. 😨 HP[-11]
You take 11 damage, and now have 20/59 hp.
Casting: Ensorcelled Hibernation (safe; 1% risk of failure)
Confirm with . or Enter, or press ? or * to list all spells.
Aiming: Ensorcelled Hibernation (safe; 1% risk of failure)
Press: ? - help, Shift-Dir - straight line, f - boulder beetle
Aim: a boulder beetle (chance to affect: 41%)
The boulder beetle looks drowsy... 😨 MP[-2]
You lost 2 mp, and now have 17/19 mp.
The helpless boulder beetle fails to defend itself.
You spit the boulder beetle like a pig!!!!
You kill the boulder beetle!
Cheibriados thoroughly appreciates the change of pace.
Training target 4.0 for Shields reached!
Your Short Blades skill increases to level 7!
Your Shields skill increases to level 4! 😨 MP[+1]
You now have 60 max hp (+1).
Casting: Ensorcelled Hibernation (safe; 1% risk of failure)
Confirm with . or Enter, or press ? or * to list all spells.
Aiming: Ensorcelled Hibernation (safe; 1% risk of failure)
Press: ? - help, Shift-Dir - straight line, f - six-headed hydra
Aim: a six-headed hydra (chance to affect: 25%)
The six-headed hydra resists with almost no effort.
The six-headed hydra misses you.
The six-headed hydra barely misses you. x2
The six-headed hydra bites you!
* * * LOW HITPOINT WARNING * * *
The six-headed hydra closely misses you.
You block the six-headed hydra's attack. 😱 HP[-8] MP[-2]
You take 8 damage, and now have 12/60 hp.
You lost 2 mp, and now have 16/19 mp.
You turn into a vampire bat.
The +9 dagger "Yppiyl" {vorpal, Str+4 Int+4, short} melds into your body.
Your +2 cloak of preservation melds into your body.
Your +2 helmet melds into your body.
Your +2 pair of gloves melds into your body.
Your +0 buckler melds into your body.
Your +0 robe melds into your body.
Your ring of wizardry melds into your body.
You feel weakened.
You feel dopey.
You feel clumsy.
The boulder beetle leaps!
The six-headed hydra completely misses you.
The six-headed hydra bites you!
You die...

Skill      XL: |  1  2  3  4  5  6  7  8  9 10 |
---------------+-------------------------------+-----
Fighting       | 1 2 3 4 5 |  5.8
Short Blades   | 2 3 4 5 6 7 |  7.1
Stealth        | 5 6 7 8 10 | 10.8
Hexes          | 5 6 7 |  7.4
Dodging        | 3 4 5 6 7 |  7.2
Spellcasting   | 3 4 6 |  6.3
Shields        | 1 3 4 |  4.0

Action                   |  1- 3 |  4- 6 |  7- 9 | 10-12 || total
-------------------------+-------+-------+-------+-------++-------
Melee: Dagger            |    57 |   194 |   113 |    15 ||   379
       Bite              |     2 |    21 |    11 |     2 ||    36
       Punch             |       |     3 |       |       ||     3
 Cast: Ensorcelled Hiber |     2 |    23 |    26 |     2 ||    53
       Tukima's Dance    |       |     1 |     3 |       ||     4
 Abil: Exsanguinate      |     1 |       |       |       ||     1
       Bat Form          |       |       |       |     1 ||     1
  Use: Scroll            |       |     5 |    12 |       ||    17
 Stab: Sleeping          |    15 |    34 |    33 |     5 ||    87
Armor: Robe              |     7 |    20 |    21 |     3 ||    51
Dodge: Dodged            |    21 |   102 |    48 |     8 ||   179
Block: Buckler           |       |       |    11 |     3 ||    14

Levels and vault maps discovered:
D:1:      psy_arrival_radial01, layout_loops_ring
D:2:      layout_loops_ring, chequers_ecumenical_altar_simple, uniq_jessica
D:3:      minmay_roachtagon, layout_basic, nicolae_wu_jian_glorious_leap,
          mainiacjoe_overflow_six_doors_small, mainiacjoe_overflow_alcove_3,
          st_stairs_5, minmay_misc_feat_plants, uniq_robin
D:4:      layout_cave_pods, mainiacjoe_overflow_tiny_flanked,
          minmay_temple_entry_slanted
D:5:      layout_basic, nicolae_eternal_life, minmay_misc_feat_four_crosses,
          grunt_ministairs_10
D:6:      layout_cave_pools, kennysheep_donut
D:7:      layout_rooms, nicolae_qazlal_eye_of_the_storm,
          kennysheep_generic_room_14, uniq_crazy_yiuf_cottage
D:8:      minmay_the_grid_triangle_9x9_rhombus_full
          [minmay_the_grid_triangle_9x9_pentomino_pain,
          minmay_the_grid_triangle_9x9_wacky_v,
          minmay_the_grid_triangle_9x9_cache,
          minmay_the_grid_triangle_9x9_warning,
          minmay_the_grid_triangle_9x9_corrupted_corridor,
          minmay_the_grid_triangle_9x9_zippers_horizontal,
          minmay_the_grid_triangle_9x9_impossible_snake,
          minmay_the_grid_triangle_9x9_prize_schism], layout_cave_pools,
          led_sif_pool
Temple:   cyrus_temple_forest

Notes
Turn   | Place    | Note
-------+----------+-------------------------------------------
     0 | D:1      | mcwallace the Vampire Enchanter began the quest for the
                  | Orb.
     0 | D:1      | Reached XP level 1. HP: 13/13 MP: 3/3
     0 | D:1      | magus.rc [v1.9.6]
   270 | D:1      | Reached XP level 2. HP: 16/16 MP: 5/5
   305 | D:1      | HP: 4/16 [constriction (1)]
   310 | D:1      | Learned a level 2 spell: Ensorcelled Hibernation
   534 | D:1      | You pick up a book of Spatial Translocations and begin
                  | reading...
   534 | D:1      | You add the spells Blink, Momentum Strike and Lesser
                  | Beckoning to your library.
   974 | D:2      | HP: 4/16 [goblin/+0 club (1)]
   976 | D:2      | Gained mutation: You are afflicted with vampirism and can
                  | become a bat while bloodless. [Vampire growth]
   976 | D:2      | Reached XP level 3. HP: 6/20 MP: 6/6
  1068 | D:2      | Found a faded altar of an unknown god.
  1068 | D:2      | Noticed Jessica
  1074 | D:2      | Killed Jessica
  1075 | D:2      | Reached skill level 1 in Fighting
  1075 | D:2      | Reached skill level 2 in Short Blades
  1136 | D:2      | Reached skill level 5 in Stealth
  1196 | D:2      | Reached XP level 4. HP: 25/25 MP: 4/7
  1272 | D:2      | Reached skill level 5 in Hexes
  1815 | D:3      | Found a hazy altar of Hepliaklqana.
  1918 | D:3      | Found an ancient bone altar of Kikubaaqudgha.
  1919 | D:3      | Found a sacrificial altar of Ru.
  1920 | D:3      | Found a broken altar of Ashenzari.
  1921 | D:3      | Found an iron altar of Okawaru.
  2587 | D:3      | Found an ornate altar of the Wu Jian Council.
  2604 | D:3      | Noticed Robin
  2622 | D:3      | Killed Robin
  2623 | D:3      | Reached XP level 5. HP: 22/29 MP: 1/8
  2666 | D:3      | Reached skill level 3 in Dodging
  2970 | D:4      | Found an opulent altar of Gozag.
  3093 | D:4      | You pick up a book of Callings and begin reading...
  3093 | D:4      | You add the spells Summon Small Mammal, Call Canine
                  | Familiar and Summon Guardian Golem to your library.
  3141 | D:4      | Found a staircase to the Ecumenical Temple.
  3149 | Temple   | Entered the Ecumenical Temple
  3235 | Temple   | Became a worshipper of Cheibriados the Contemplative
  3509 | D:4      | Identified the +9 dagger "Yppiyl" {vorpal, Str+4 Int+4}
  3617 | D:4      | Noticed an ogre
  3620 | D:4      | Killed an ogre
  3621 | D:4      | Reached skill level 2 in Fighting
  3621 | D:4      | Reached skill level 3 in Short Blades
  3621 | D:4      | Reached skill level 3 in Spellcasting
  3621 | D:4      | Reached XP level 6. HP: 35/35 MP: 10/10
  3635 | D:4      | Learned a level 3 spell: Tukima's Dance
  3751 | D:5      | Entered Level 5 of the Dungeon
  3810 | D:5      | Reached skill level 6 in Stealth
  3810 | D:5      | HP: 8/35 [scorpion (4)]
  4054 | D:5      | HP: 4/35 [gnoll/+0 halberd (11)]
  4055 | D:5      | Reached skill level 6 in Hexes
  4221 | D:5      | Noticed a water moccasin
  4225 | D:5      | Killed a water moccasin
  4226 | D:5      | Reached XP level 7. HP: 40/40 MP: 9/12
  4250 | D:5      | Reached * piety under Cheibriados
  4354 | D:5      | Reached skill level 4 in Dodging
  4500 | D:5      | You add the spells Ignite Poison, Sticky Flame and Ignition
                  | to your library.
  4738 | D:5      | You pick up a book of Spectacle and begin reading...
  4738 | D:5      | You add the spells Iskenderun's Mystic Blast and Starburst
                  | to your library.
  4742 | D:5      | Learned a level 2 spell: Blink
  4942 | D:6      | Reached skill level 4 in Short Blades
  4942 | D:6      | Reached skill level 7 in Stealth
  4949 | D:6      | Identified the +7 trident "Fygackyg" {drain, Str+4}
  5008 | D:6      | You pick up a book of Geomancy and begin reading...
  5008 | D:6      | You add the spells Sandblast, Passwall and Stone Arrow to
                  | your library.
  5147 | D:6      | Reached skill level 3 in Fighting
  5296 | D:6      | Reached skill level 4 in Spellcasting
  5296 | D:6      | Reached skill level 7 in Hexes
  5296 | D:6      | Reached XP level 8. HP: 46/46 MP: 12/14
  5784 | D:7      | Reached skill level 5 in Dodging
  5830 | D:7      | Reached skill level 8 in Stealth
  5830 | D:7      | Reached skill level 1 in Shields
  5867 | D:7      | Reached skill level 5 in Short Blades
  5931 | D:7      | Reached skill level 4 in Fighting
  6001 | D:7      | Reached XP level 9. HP: 52/52 MP: 14/16
  6020 | D:7      | Reached skill level 2 in Shields
  6097 | D:7      | Found a runed translucent door.
  6098 | D:7      | Noticed Crazy Yiuf
  6207 | D:7      | Found a stormy altar of Qazlal.
  6306 | D:7      | Killed Crazy Yiuf
  6532 | D:8      | Reached skill level 5 in Spellcasting
  6536 | D:8      | Reached ** piety under Cheibriados
  6544 | D:8      | Found a shimmering blue altar of Sif Muna.
  6596 | D:8      | Reached skill level 9 in Stealth
  6598 | D:8      | Identified a scroll of acquirement
  6627 | D:8      | Acquired 917 gold pieces
  6715 | D:8      | Noticed a two-headed ogre
  6725 | D:8      | Killed a two-headed ogre
  6726 | D:8      | Reached skill level 6 in Short Blades
  6726 | D:8      | Reached skill level 6 in Dodging
  6726 | D:8      | Reached skill level 3 in Shields
  6896 | D:8      | Reached skill level 5 in Fighting
  7025 | D:8      | Reached skill level 10 in Stealth
  7029 | D:8      | Noticed a two-headed ogre
  7030 | D:8      | Killed a two-headed ogre
  7031 | D:8      | Reached skill level 6 in Spellcasting
  7031 | D:8      | Reached XP level 10. HP: 59/59 MP: 17/19
  7040 | D:8      | Noticed a cyclops
  7066 | D:8      | Killed a cyclops
  7114 | D:8      | Reached skill level 7 in Dodging
  7196 | D:8      | Noticed a boulder beetle
  7196 | D:8      | Noticed a six-headed hydra
  7199 | D:8      | Noticed a boulder beetle
  7199 | D:8      | Noticed a two-headed ogre
  7199 | D:8      | Noticed a cyclops
  7205 | D:8      | Killed a boulder beetle
  7206 | D:8      | Reached skill level 7 in Short Blades
  7206 | D:8      | Reached skill level 4 in Shields
  7206 | D:8      | HP: 12/60 [six-headed hydra (8)]
  7207 | D:8      | Slain by a six-headed hydra

Vanquished Creatures
  A boulder beetle (D:8)
  A two-headed ogre (D:8)
  A cyclops (D:8)
  A shadow (D:8)
  A wyvern (D:8)
  A steam dragon (D:7)
  3 water moccasins
  An orc warrior (D:8)
  4 ice beasts
  A black bear (D:6)
  2 ogres
  2 sky beasts (D:7)
  2 centaurs
  A kobold brigand (D:8)
  4 bullfrogs
  2 necrophages
  2 scorpions
  A gnoll sergeant (D:8)
  A wight (D:8)
  2 killer bees (D:8)
  5 howler monkeys
  A hound (D:5)
  A jelly (D:4)
  2 gnoll boudas
  Crazy Yiuf (D:7)
  An orc priest (D:8)
  Jessica (D:2)
  2 orc wizards
  3 iguanas (D:5)
  Robin (D:3)
  8 gnolls
  7 adders
  A white imp (D:8)
  2 worms
  A dart slug (D:1)
  13 orcs
  8 ball pythons
  5 bats
  6 endoplasms
  16 giant cockroaches
  15 goblins
  7 hobgoblins
  6 quokkas
  3 frilled lizards
  7 kobolds
  6 rats
163 creatures vanquished.

Vanquished Creatures (collateral kills)
  A two-headed ogre (D:8)
  An orc warrior (D:8)
2 creatures vanquished.

Vanquished Creatures (others)
  2 plants (Temple)
2 creatures vanquished.

Grand Total: 167 creatures vanquished

Table legend:
 A = Non-vault XP
 B = Vault XP
 C = Vault XP percentage of total XP
 D = Non-vault monster count
 E = Vault monster count
 F = Vault count percentage of total count
                 A         B        C        D         E       F
            +---------+---------+-------+---------+---------+-------
      Total |    4656 |    3316 |  41.6 |     127 |      38 |  23.0
            +---------+---------+-------+---------+---------+-------
        D:1 |      33 |       0 |   0.0 |      18 |       0 |   0.0
        D:2 |      60 |      37 |  38.1 |      21 |       1 |   4.5
        D:3 |      43 |      52 |  54.7 |      18 |      20 |  52.6
        D:4 |     209 |       0 |   0.0 |      16 |       0 |   0.0
        D:5 |     586 |      36 |   5.8 |      16 |       1 |   5.9
        D:6 |     706 |       0 |   0.0 |      11 |       0 |   0.0
        D:7 |    1152 |     168 |  12.7 |      10 |       3 |  23.1
        D:8 |    1867 |    3023 |  61.8 |      17 |      13 |  43.3
            +---------+---------+-------+---------+---------+-------

Illustrated notes

Table legend:
 A = Kills in this place as a percentage of kills in entire the game.
 B = Kills by you in this place as a percentage of kills by you in the entire game.
 C = Kills by friends in this place as a percentage of kills by friends in the entire game.
 D = Other kills in this place as a percentage of other kills in the entire game.
 E = Experience gained in this place as a percentage of experience gained in the entire game.
 F = Experience gained in this place divided by the number of levels of this place that you have seen.
                   A       B       C       D       E      F
               +-------+-------+-------+-------+-------+----------------------
         Total | 100.0 | 100.0 | 100.0 |   N/A | 100.0 | 885.8
       Dungeon | 100.0 | 100.0 | 100.0 |   N/A | 100.0 | 996.5
               +-------+-------+-------+-------+-------+----------------------

Table legend: (Time is in decaauts)
 A = Elapsed time spent in this place.
 B = Non-inter-level travel time spent in this place.
 C = Inter-level travel time spent in this place.
 D = Time resting spent in this place.
 E = Time spent auto-exploring this place.
 F = Levels seen in this place.
 G = Mean time per level.
                   A        B        C        D        E       F      G
               +--------+--------+--------+--------+--------+-----+--------+
         Total |   8316 |   7916 |    400 |      9 |   6170 |   9 |  924.0 |
       Dungeon |   8182 |   7782 |    400 |      9 |   6128 |   8 | 1022.8 |
        Temple |    134 |    134 |      0 |      0 |     42 |   1 |  134.0 |
               +--------+--------+--------+--------+--------+-----+--------+

Top non-repeatable levels by time:
     D:5: 1411 daAuts
     D:7: 1191 daAuts
     D:3: 1119 daAuts
     D:8: 949 daAuts
     D:1: 913 daAuts
     D:6: 905 daAuts
     D:4: 885 daAuts
     D:2: 808 daAuts
  Temple: 134 daAuts
